 Dungeon Crawl Stone Soup version 0.30-a0-169-g06f667207d (webtiles) character file.

Game seed: 10310144643297821538

172 qw the Chopper (level 5, -4/32 HPs)
             Began as a Gargoyle Fighter on Sept 29, 2022.
             Slain by a gnoll
             ... wielding a +0 halberd
              (13 damage)
             ... on level 4 of the Dungeon.
             The game lasted 00:00:52 (2041 turns).

qw the Chopper (Gargoyle Fighter)                   Turns: 2041, Time: 00:00:53

Health: -4/32      AC: 11    Str: 21    XL:     5   Next: 53%
Magic:  5/5        EV: 10    Int:  9    God:
Gold:   127        SH:  4    Dex:  9    Spells: 4/4 levels left

rFire   . . .      SeeInvis .    Y - +0 war axe
rCold   . . .      Faith    .    c - +0 buckler
rNeg    + . .      Spirit   .    h - +1 ring mail {Will+}
rPois   inf        Reflect  .    (no helmet)
rElec   +          Harm     .    k - +0 cloak
rCorr   .          Rampage  .    (no gloves)
Will    +....                    (no boots)
Stlth   ..........               (no amulet)
HPRegen 0.10/turn                (no ring)
MPRegen 0.09/turn                (no ring)

@: no status effects
A: sickness immunity, AC +4, negative energy resistance 1, electricity
resistance, torment resistance 1, petrification resistance
a: no special abilities


You were on level 4 of the Dungeon.
You visited 1 branch of the dungeon, and saw 4 of its levels.

You collected 127 gold pieces.


Innate Abilities, Weirdness & Mutations

You are immune to sickness and miasma.
Your stone body is resilient. (AC +4)
You are immune to poison.
You resist negative energy. (rN+)
You are resistant to electric shocks. (rElec)
You are resistant to unholy torment.
You are immune to petrification.


   Skills:
 - Level 3.2 Fighting
 - Level 5.0 Axes
 - Level 3.2 Armour
 + Level 0.3 Dodging
 - Level 3.2 Shields


You had 4 spell levels left.
You didn't know any spells.
Your spell library was empty.

Inventory:

Hand Weapons
 e - a +3 whip
 Y - a +0 war axe (weapon)
Armour
 b - a +0 scale mail
 c - a +0 buckler (worn)
 h - a +1 ring mail of willpower (worn)
 k - a +0 cloak (worn)
Jewellery
 a - a +6 ring of dexterity
Scrolls
 i - 2 scrolls of identify
Potions
 d - a potion of might
 f - a potion of curing
 g - a potion of heal wounds
 l - a potion of mutation {unknown}
 m - a potion of lignification {unknown}
 n - a potion of attraction {unknown}
 o - a potion of haste {unknown}

Dungeon Overview and Level Annotations

Branches:
Dungeon (3/15)

Altars:
Qazlal


Message History

2030 ||| Stepping ~*~*~tactically~*~*~ (stealth).
The gnoll shouts!
You hear a shout!
A gnoll comes into view. It is wielding a +0 flail.
The gnoll shouts!
The gnoll hits you but does no damage. The gnoll hits you but does no damage.
You barely miss the gnoll. The gnoll barely misses you.
You closely miss the gnoll. The gnoll closely misses you.
The gnoll hits you with a +0 halberd!
You slash the gnoll!
The gnoll is heavily wounded.
You block the gnoll's attack.
You closely miss the gnoll.
The gnoll is heavily wounded.
The gnoll hits you but does no damage.
You barely miss the gnoll.
The gnoll is heavily wounded.
The gnoll hits you with a +0 halberd. You block the gnoll's attack.
The gnoll misses you. The gnoll barely misses you.
You block the gnoll's attack.
You barely miss the gnoll.
The gnoll is heavily wounded.
You barely miss the gnoll. The gnoll hits you but does no damage.
You block the gnoll's attack. x2
You barely miss the gnoll.
The gnoll is heavily wounded.
You barely miss the gnoll. The gnoll barely misses you.
The gnoll hits you with a +0 flail. The gnoll barely misses you.
You hit the gnoll.
The gnoll is almost dead.
You hit the gnoll but do no damage. The gnoll closely misses you.
The gnoll hits you but does no damage. x2
The gnoll hits you with a +0 flail. The gnoll hits you with a +0 halberd.
The gnoll hits you but does no damage.
You closely miss the gnoll.
The gnoll is almost dead.
You closely miss the gnoll. The gnoll hits you with a +0 halberd!
You die...

.. # ...## ##
#..#.#.# #.#
#...........
#..#.#.#.#.#.##
#.....g.........
#..#.#g#.#.#.#..
#....@g.........
#..#.#.#.#.#.#..
#...............
#..#.#.#.#.#.#..
##..........>.#
###!#.#)#.#.##
#............#
#.#.#.#.#.#.###
#.............#


You could see 3 gnolls.

Vanquished Creatures
  A hound (D:4)
  Terence (D:2)
  2 gnolls
  4 adders
  An ufetubus (D:4)
  A worm (D:2)
  3 dart slugs
  An orc (D:4)
  6 ball pythons
  8 endoplasms
  2 giant cockroaches
  2 goblins (D:1)
  2 hobgoblins
  6 kobolds
  6 bats
  2 frilled lizards (D:1)
  2 rats (D:2)
50 creatures vanquished.

Vanquished Creatures (others)
  12 plants (D:3)
12 creatures vanquished.

Grand Total: 62 creatures vanquished

Notes
Turn   | Place    | Note
-------+----------+-------------------------------------------
     0 | D:1      | qw the Gargoyle Fighter began the quest for the Orb.
     0 | D:1      | Reached XP level 1. HP: 14/14 MP: 1/1
     0 | D:1      | 0 ||| qw: Version: 0.2-a-12-gaebbb33
     0 | D:1      | 0 ||| qw: Game counter: 1271
     0 | D:1      | 0 ||| qw: Always use a shield: true
     0 | D:1      | 0 ||| qw: God list: Okawaru
     0 | D:1      | 0 ||| qw: Allow faded altars: false
     0 | D:1      | 0 ||| qw: Do Orc after D:15 true
     0 | D:1      | 0 ||| qw: Do second Lair branch before Depths: true
     0 | D:1      | 0 ||| qw: Lair rune preference: random
     0 | D:1      | 0 ||| qw: Plans: Normal, Zot:1-4, God:TSO, Crypt, Tomb,
                  | Pan, Slime:5, Hells, Abyss, Orb
     0 | D:1      | 0 ||| PLANNING D:1-11
    26 | D:1      | Found a faded altar of an unknown god.
    31 | D:1      | Reached skill level 2 in Axes
    35 | D:1      | Reached XP level 2. HP: 19/19 MP: 2/2
    57 | D:1      | 57 ||| Stepping ~*~*~tactically~*~*~ (hiding).
    58 | D:1      | 58 ||| Stepping ~*~*~tactically~*~*~ (hiding).
   107 | D:1      | 107 ||| Stepping ~*~*~tactically~*~*~ (hiding).
   118 | D:1      | Reached skill level 3 in Axes
   121 | D:1      | Reached XP level 3. HP: 19/23 MP: 3/3
   267 | D:1      | 267 ||| Stepping ~*~*~tactically~*~*~ (stealth).
   271 | D:1      | 271 ||| Stepping ~*~*~tactically~*~*~ (stealth).
   272 | D:1      | 272 ||| Stepping ~*~*~tactically~*~*~ (stealth).
   527 | D:1      | 527 ||| DROPPING +0 club.
   866 | D:1      | 866 ||| UPGRADING to +0 cloak.
   871 | D:1      | 871 ||| READING scroll labelled MONWEU RIET.
   872 | D:1      | 872 ||| READING scroll labelled FIOZUDUBOM.
   973 | D:1      | 973 ||| READING scroll labelled ZIL DOPI VOBRU.
   977 | D:1      | 977 ||| READING 2 scrolls labelled IRUT XIZAPSIEB.
   978 | D:1      | 978 ||| READING scroll labelled CEMUASHR LICZO.
  1226 | D:2      | Noticed Terence
  1234 | D:2      | Killed Terence
  1235 | D:2      | Reached skill level 4 in Axes
  1235 | D:2      | Reached XP level 4. HP: 25/28 MP: 4/4
  1477 | D:2      | 1477 ||| Stepping ~*~*~tactically~*~*~ (stealth).
  1610 | D:2      | 1610 ||| UPGRADING to +1 ring mail of willpower.
  1620 | D:2      | 1620 ||| READING scroll labelled XUOTE ZYXUUSTAKK.
  1621 | D:2      | 1621 ||| READING scroll labelled OPRAUTTOELIH.
  1622 | D:2      | 1622 ||| DRINKING 2 puce potions.
  1623 | D:2      | 1623 ||| READING 2 scrolls of identify.
  1623 | D:2      | 1623 ||| IDENTIFYING glowing emerald potion
  1777 | D:3      | Found a stormy altar of Qazlal.
  1790 | D:3      | 1790 ||| Stepping ~*~*~tactically~*~*~ (stealth).
  1810 | D:3      | Reached XP level 5. HP: 32/32 MP: 5/5
  1903 | D:3      | You fall into a shaft and drop 1 floor!
  1927 | D:4      | 1927 ||| Stepping ~*~*~tactically~*~*~ (stealth).
  1931 | D:4      | 1931 ||| Stepping ~*~*~tactically~*~*~ (stealth).
  1932 | D:4      | 1932 ||| Stepping ~*~*~tactically~*~*~ (stealth).
  1934 | D:4      | Reached skill level 5 in Axes
  1956 | D:4      | 1956 ||| Stepping ~*~*~tactically~*~*~ (stealth).
  1977 | D:4      | 1977 ||| Stepping ~*~*~tactically~*~*~ (stealth).
  1979 | D:4      | 1979 ||| Stepping ~*~*~tactically~*~*~ (stealth).
  1980 | D:4      | 1980 ||| Stepping ~*~*~tactically~*~*~ (stealth).
  1981 | D:4      | 1981 ||| Stepping ~*~*~tactically~*~*~ (stealth).
  2008 | D:4      | 2008 ||| Stepping ~*~*~tactically~*~*~ (stealth).
  2009 | D:4      | 2009 ||| Stepping ~*~*~tactically~*~*~ (stealth).
  2010 | D:4      | 2010 ||| Stepping ~*~*~tactically~*~*~ (stealth).
  2017 | D:4      | 2017 ||| Stepping ~*~*~tactically~*~*~ (stealth).
  2018 | D:4      | 2018 ||| Stepping ~*~*~tactically~*~*~ (stealth).
  2019 | D:4      | 2019 ||| Stepping ~*~*~tactically~*~*~ (stealth).
  2020 | D:4      | 2020 ||| Stepping ~*~*~tactically~*~*~ (stealth).
  2025 | D:4      | 2025 ||| DROPPING +0 mace.
  2029 | D:4      | 2029 ||| Stepping ~*~*~tactically~*~*~ (stealth).
  2030 | D:4      | 2030 ||| Stepping ~*~*~tactically~*~*~ (stealth).
  2041 | D:4      | Slain by a gnoll

Levels and vault maps discovered:
D:1:      grunt_arrival_crossed_arrows, layout_rooms, basic_ecumenical_altar,
          chequers_serial_rivers_micro_a, st_stairs_14
D:2:      layout_basic, serial_park_tiny_1, uniq_terence
D:3:      wad_woods_stonehenge, layout_basic,
          mainiacjoe_overflow_small_starburst, nicolae_tso_besieged_by_evil,
          serial_corexii_hall, corexii_hall_statues_u,
          corexii_hall_statues_deadend
D:4:      layout_basic, serial_bayou_pond_c, st_stairs_11

Skill      XL: |  1  2  3  4  5 |
---------------+----------------+-----
Axes           | 2 3 4 5 |  5.0
Fighting       | |  3.2
Armour         | |  3.2
Dodging        | |  0.3
Shields        | |  3.2

Action                   |  1- 3 |  4- 6 || total
-------------------------+-------+-------++-------
Melee: War axe           |    80 |    58 ||   138
  Use: Scroll            |     5 |     3 ||     8
       Potion            |       |     1 ||     1
Armor: Scale mail        |    38 |    14 ||    52
       Ring mail         |       |    13 ||    13
Dodge: Dodged            |    32 |    25 ||    57
Block: Buckler           |    16 |    10 ||    26

Table legend:
 A = Non-vault XP
 B = Vault XP
 C = Vault XP percentage of total XP
 D = Non-vault monster count
 E = Vault monster count
 F = Vault count percentage of total count
                 A         B        C        D         E       F
            +---------+---------+-------+---------+---------+-------
      Total |     162 |      85 |  34.4 |      45 |       5 |  10.0
            +---------+---------+-------+---------+---------+-------
        D:1 |      57 |       2 |   3.4 |      24 |       1 |   4.0
        D:2 |      59 |      36 |  37.9 |      12 |       1 |   7.7
        D:3 |      24 |       0 |   0.0 |       7 |       0 |   0.0
        D:4 |      22 |      47 |  68.1 |       2 |       3 |  60.0
            +---------+---------+-------+---------+---------+-------
